 Dungeon Crawl Stone Soup version 0.23.2-33-g5129a83184 (webtiles) character file.

Game seed: 15320022653235357119

1259 FishyPogo the Chiller (level 8, -2/52 HPs)
             Began as a Demonspawn Ice Elementalist on Aug 4, 2019.
             Was a Follower of Qazlal.
             Slain by Sigmund
             ... wielding a +0 scythe
              (15 damage)
             ... on level 6 of the Dungeon.
             The game lasted 00:49:05 (5125 turns).

FishyPogo the Chiller (Demonspawn Ice Elementalist) Turns: 5125, Time: 00:49:06

Health: -2/52      AC:  7    Str:  8    XL:     8   Next: 27%
Magic:  0/12       EV: 14    Int: 19    God:    Qazlal [*.....]
Gold:   232        SH:  1    Dex: 14    Spells: 3/13 levels left

rFire    . . .     SeeInvis .   H - -2 hand axe (curse)
rCold    . . .     Gourm    .   (no shield)
rNeg     . . .     Faith    .   a - +0 robe
rPois    .         Spirit   .   u - +0 helmet
rElec    .         Reflect  .   j - +0 cloak
rCorr    .         Harm     .   D - +0 pair of gloves
MR       .....                  (no boots)
Stlth    ++........             C - amulet of regeneration
HPRegen  0.57/turn              n - ring of fire
MPRegen  0.13/turn              d - ring of ice

@: about to teleport, very slightly contaminated
A: hooves 1, icy blue scales 1, powered by death 2
a: Renounce Religion


You were on level 6 of the Dungeon.
You worshipped Qazlal.
Qazlal was aware of your devotion.
You were not hungry.

You visited 1 branch of the dungeon, and saw 6 of its levels.

You collected 232 gold pieces.

Inventory:

Hand Weapons
 A - a +2 short sword of venom
 H - a cursed -2 hand axe (weapon)
Missiles
 h - 209 stones (quivered)
 t - 2 tomahawks
Armour
 a - a +0 robe (worn)
 j - a +0 cloak (worn)
 u - a +0 helmet (worn)
 D - a +0 pair of gloves (worn)
Magical Staves
 K - an uncursed staff of conjuration {unknown}
Jewellery
 d - a ring of ice (right hand)
 n - a ring of fire (left hand)
 C - an amulet of regeneration (around neck)
 E - an uncursed ring of resist corrosion
 I - an uncursed ring of protection from cold
Wands
 l - a wand of iceblast (4)
 y - a wand of flame (19)
 G - a wand of paralysis (12)
 J - a wand of acid (12)
Scrolls
 b - a scroll of fog {unknown}
 p - a scroll of noise {unknown}
 q - 2 scrolls of remove curse
 s - a scroll of enchant armour {unknown}
 w - a scroll of fear {unknown}
 B - 2 scrolls of identify
 F - a scroll of enchant weapon {unknown}
 M - a scroll of random uselessness {unknown}
Potions
 e - 3 potions of cancellation {unknown}
 f - 5 potions of curing {unknown}
 g - 2 potions of ambrosia {unknown}
 k - 3 potions of degeneration {unknown}
 m - 2 potions of brilliance {unknown}
 o - 2 potions of flight
 r - 2 potions of might {unknown}
 v - a potion of heal wounds
 x - 2 potions of mutation {unknown}
 z - a potion of invisibility {unknown}
Comestibles
 c - 9 rations
 L - 7 chunks of flesh


   Skills:
 + Level 4.0 Dodging
 - Level 2.0 Stealth
 - Level 3.0 Spellcasting
 - Level 1.0 Conjurations
 * Level 4.3 Summonings
 * Level 6.0 Ice Magic
 + Level 3.8 Invocations
 - Level 3.0 Evocations


You had 3 spell levels left.
You knew the following spells:

 Your Spells              Type           Power        Failure   Level  Hunger
a - Freeze                Ice            ####         1%          1    None
b - Throw Frost           Conj/Ice       ###...       5%          2    ##.....
c - Summon Ice Beast      Ice/Summ       ####....     19%         4    ####...
d - Call Canine Familiar  Summ           ###.....     8%          3    ###....

Your spell library contained the following spells:

 Spells                   Type           Power        Failure   Level  Hunger
 Summon Small Mammal      Summ           ###.         2%          1    None
 Call Imp                 Summ           ###.....     4%          2    ##.....
 Ozocubu's Armour         Chrm/Ice       ###.....     13%         3    ###....
 Summon Guardian Golem    Hex/Summ       ##......     19%         3    ###....
 Throw Icicle             Conj/Ice       ###.....     34%         4    ####...
 Summon Lightning Spire   Summ/Air       ##......     54%         4    ####...


Dungeon Overview and Level Annotations

Branches:
Dungeon (6/15)             Temple (0/1) D:4

Altars:
Ashenzari
Elyvilon
Gozag
Hepliaklqana
Kikubaaqudgha
Nemelex Xobeh
Qazlal
Sif Muna
Uskayaw
Xom

Shops:
D:3 *

Annotations:
D:6 Sigmund


Innate Abilities, Weirdness & Mutations

You have large cloven feet.
You are partially covered in icy blue scales. (AC +2)
You regenerate health from kills.


Message History

The magic dart hits you. Something hits you but does no damage.
You hit something but do no damage. You kick something. Something hits you.
You closely miss something. You hit something. Something hits you!
* * * LOW HITPOINT WARNING * * *
What are your orders? t - Shout!
Orders for allies: a - Attack new target. r - Retreat! s - Stop attacking. g - Guard the area. f - Follow me.
Anything else - Cancel.
Retreat in which direction?
Press: ? - help, Dir - move target cursor, f - you
Okay, then.
Unknown command.
Unknown command.
As you read the scroll labeled ZIMMOG MOOTAETS, it crumbles to dust.
You feel strangely unstable.
It was a scroll of teleportation.
Something hits you!
You die...

##....♣♣♣...♣♣♣...♣♣♣...##.
##..................♣.......
#......♣♣♣...♣♣♣...♣♣♣...#..
#.....♣# #♣.♣# #♣.♣# #♣....#
#..[..♣ ♣♣♣ ♣.♣ ♣.....
##....♣# #♣.♣# #♣.♣# ♣.
##.....♣♣♣...♣♣♣...♣♣ ...###
#.......♣.....♣.....♣ ......
#......♣♣♣.@.♣♣♣...♣♣ ......
#.....♣# #♣{♣# #♣.♣# ..###
##....♣ ♣.♣ ♣♣♣ ##...♣#
#♣.♣# #♣ # #.#..♣♣♣...♣♣♣...
♣♣. ## #.#.............. ...
##. #.##@#######.##.. #.##..
#. #.# $# #..... #@# #
###...


There were no monsters in sight!

Vanquished Creatures
  Menkaure (D:4)
  Duvessa (D:4)
  A sky beast (D:5)
  An ogre (D:6)
  A centaur (D:6)
  Blork the orc (D:4)
  Dowan (D:4)
  A howler monkey (D:4)
  A bullfrog zombie (D:5)
  A crimson imp (D:5)
  A hound (D:3)
  A bullfrog skeleton (D:4)
  2 orc wizards (D:4)
  2 worker ants (D:4)
  A howler monkey skeleton (D:5)
  5 adders
  A shadow imp (D:5)
  An ooze (D:3)
  An adder skeleton (D:4)
  2 leopard geckos
  9 orcs
  7 giant cockroaches
  3 hobgoblins (D:2)
  8 kobolds
  2 quokkas
  5 ball pythons
  8 bats
  3 frilled lizards
  7 goblins
  A leopard gecko skeleton (D:5)
  9 rats
89 creatures vanquished.

Vanquished Creatures (collateral kills)
  Edmund (D:4)
  A phantom (D:5)
  An ogre (D:5)
  A bullfrog (D:6)
  A centaur zombie (D:6)
  A bullfrog zombie (D:5)
  An iguana (D:4)
  2 worker ants
  A worker ant zombie (D:6)
  An adder (D:6)
  A shadow imp (D:6)
  A leopard gecko (D:5)
  2 orcs
  A jackal skeleton (D:5)
16 creatures vanquished.

Grand Total: 105 creatures vanquished

Notes
Turn   | Place    | Note
-------+----------+-------------------------------------------
     0 | D:1      | FishyPogo the Demonspawn Ice Elementalist began the quest
                  | for the Orb.
     0 | D:1      | Reached XP level 1. HP: 13/13 MP: 3/3
   297 | D:1      | Gained mutation: You are partially covered in icy blue
                  | scales. (AC +2) [demonic ancestry]
   297 | D:1      | Reached XP level 2. HP: 10/19 MP: 0/5
   417 | D:1      | Reached skill level 3 in Ice Magic
   432 | D:1      | Learned a level 2 spell: Throw Frost
   930 | D:2      | Gained mutation: You have large cloven feet. [demonic
                  | ancestry]
   930 | D:2      | Reached XP level 3. HP: 24/24 MP: 0/6
  1188 | D:2      | Found a deep blue altar of Sif Muna.
  1481 | D:2      | Gained mutation: You regenerate a little health from kills.
                  | [demonic ancestry]
  1481 | D:2      | Reached XP level 4. HP: 30/30 MP: 2/7
  1717 | D:3      | Found a hazy altar of Hepliaklqana.
  1751 | D:3      | Found a sparkling altar of Nemelex Xobeh.
  1886 | D:3      | Found Gozag's Platinum Reserve.
  1886 | D:3      | Found an opulent altar of Gozag.
  2103 | D:3      | Found a stormy altar of Qazlal.
  2110 | D:3      | Became a worshipper of Qazlal Stormbringer
  2143 | D:4      | Found a staircase to the Ecumenical Temple.
  2143 | D:4      | Noticed Duvessa
  2191 | D:3      | Reached skill level 4 in Ice Magic
  2253 | D:4      | Gained mutation: You regenerate health from kills. [demonic
                  | ancestry]
  2253 | D:4      | Reached XP level 5. HP: 35/35 MP: 2/9
  2295 | D:4      | Reached skill level 1 in Evocations
  2339 | D:4      | Found a shimmering altar of Xom.
  2449 | D:4      | Learned a level 4 spell: Summon Ice Beast
  2608 | D:4      | Reached skill level 1 in Summonings
  2608 | D:4      | Reached skill level 1 in Invocations
  2608 | D:4      | Reached XP level 6. HP: 39/41 MP: 4/10
  2622 | D:4      | Noticed Dowan
  2790 | D:4      | Noticed Edmund
  2873 | D:4      | Noticed Blork the orc
  2967 | D:4      | Killed Edmund
  3146 | D:4      | Killed Blork the orc
  3153 | D:4      | Found a deep blue altar of Sif Muna.
  3355 | D:4      | Noticed Menkaure
  3430 | D:4      | Killed Dowan
  3430 | D:4      | Reached skill level 5 in Ice Magic
  3430 | D:4      | Reached XP level 7. HP: 37/46 MP: 1/11
  3567 | D:4      | Killed Duvessa
  3718 | D:5      | Entered Level 5 of the Dungeon
  3742 | D:5      | Learned a level 3 spell: Call Canine Familiar
  4091 | D:4      | Killed Menkaure
  4374 | D:5      | Found an ancient bone altar of Kikubaaqudgha.
  4376 | D:5      | Found a white marble altar of Elyvilon.
  4379 | D:5      | Found a shattered altar of Ashenzari.
  4503 | D:5      | Reached * piety under Qazlal
  4583 | D:5      | Reached XP level 8. HP: 52/52 MP: 0/12
  4589 | D:5      | Found a hide-covered altar of Uskayaw.
  4969 | D:6      | Reached skill level 6 in Ice Magic
  5086 | D:6      | Noticed Sigmund
  5125 | D:6      | Slain by Sigmund

Skill      XL: |  1  2  3  4  5  6  7  8 |
---------------+-------------------------+-----
Stealth        | 2 |  2.0
Dodging        | 2 3 4 |  4.0
Ice Magic      | 3 4 5 6 |  6.0
Evocations     | 1 2 3 |  3.0
Spellcasting   | 3 |  3.0
Summonings     | 1 2 3 4 |  4.3
Invocations    | 1 2 3 |  3.8
Conjurations   | |  1.0

Action                   |  1- 3 |  4- 6 |  7- 9 || total
-------------------------+-------+-------+-------++-------
Melee: Short sword       |    29 |    56 |    43 ||   128
       Kick              |     2 |    17 |    17 ||    36
       Hand axe          |       |       |    22 ||    22
Throw: Stone             |    24 |     1 |       ||    25
 Cast: Freeze            |    37 |    23 |    23 ||    83
       Throw Frost       |    11 |    31 |    10 ||    52
       Summon Ice Beast  |       |     4 |    10 ||    14
       Call Canine Famil |       |       |     9 ||     9
  Use: Scroll            |     1 |       |     2 ||     3
 Stab: Sleeping          |     1 |     4 |       ||     5
  Eat: Chunk             |     3 |     5 |    10 ||    18
       Ration            |       |     1 |       ||     1
Armor: Robe              |    13 |    18 |    23 ||    54
Dodge: Dodged            |    29 |    49 |    55 ||   133
Block: Other             |       |       |     2 ||     2
